 Seeded DCSS version 0.31-a0-1301-g7e11add (webtiles) character file.

Game seed: 8498966264943689616 (custom seed)

16459 porkupine the Thaumaturge (level 12, -26/53 (63) HPs)
             Began as a Deep Elf Reaver on Oct 3, 2023.
             Was a High Priest of Fedhas.
             Annihilated by an enormous slime creature (29 damage)
             ... on level 11 of the Dungeon on Dec 18, 2023.
             The game lasted 02:00:12 (16297 turns).

porkupine the Thaumaturge (Deep Elf Reaver)        Turns: 16297, Time: 02:00:13

HP:   -26/53 (63)   AC:  9    Str: 13    XL:     12   Next: 10%
MP:   0/27          EV: 17    Int: 19    God:    Fedhas [*****.]
Gold: 328           SH:  0    Dex: 16    Spells: 6/30 levels left

rFire   . . .        k - +5 dagger (drain)
rCold   . . .        c - orb {guile}
rNeg    . . .        F - +3 robe of Clouds {*Thunder rCloud rElec}
rPois   .            H - +0 helmet
rElec   +            n - +0 cloak
rCorr   .            f - +2 pair of gloves
SInv    .            (no boots)
Will    .....        d - amulet of guardian spirit
Stlth   +            (no ring)
HPRegen 0.28/turn    (no ring)
MPRegen 0.20/turn

%: guardian spirit
@: immotile, heavily drained
A: deformed body, frail 1, strong 1
a: Renounce Religion, Wall of Briars, Grow Ballistomycete, Overgrow, Grow Oklob


You were on level 11 of the Dungeon.
You worshipped Fedhas.
Fedhas was extremely pleased with you.
You visited 2 branches of the dungeon, and saw 12 of its levels.
You also visited: Bailey.

You collected 1279 gold pieces.
You spent 951 gold pieces at shops.

Inventory:

Hand Weapons
 a - a +1 short sword
 b - a +3 trident of draining
 g - a +2 dagger of electrocution
 k - a +5 dagger of draining (weapon)
 m - the +2 hammer "Buicof" {freeze, rElec Dex+3}
   (You found it on level 5 of the Dungeon)

   Dex+3:     It affects your dexterity (+3).
   rElec:     It insulates you from electricity.
 o - a +0 dagger of venom
 t - a +2 short sword of draining
 z - a +0 spectral quick blade
 E - the +4 quarterstaff of Ancient Evil {venom, *Slow rElec Stlth+}
   (You found it on level 7 of the Dungeon)

   rElec:     It insulates you from electricity.
   *Slow:     It may slow you when you take damage.
   Stlth+:    It makes you more stealthy.
 G - the +1 spear "Demonbane" {flame, *Corrode rC+ Int+2}
   (You found it on level 9 of the Dungeon)

   Int+2:     It affects your intelligence (+2).
   rC+:       It protects you from cold.
   *Corrode:  It may corrode you when you take damage.
 I - a +2 short sword of draining
Missiles
 l - 4 curare-tipped darts
 q - 70 poisoned darts
 C - 4 datura-tipped darts
 D - 13 atropa-tipped darts
Armour
 c - an orb of guile (worn)
 f - a +2 pair of gloves (worn)
 n - a +0 cloak (worn)
 B - a +2 robe of fire resistance
 F - the +3 robe of Clouds (worn) {*Thunder rCloud rElec}
   (You bought it in a shop on level 9 of the Dungeon)

   *Thunder:  It occasionally creates storm clouds above nearby enemies.
   rCloud:    It grants its wearer immunity to clouds.
   rElec:     It insulates you from electricity.
 H - a +0 helmet (worn)
 L - a +0 troll leather armour
Jewellery
 d - an amulet of guardian spirit (around neck)
Wands
 x - a wand of paralysis (6)
 A - a wand of flame (50)
 M - a wand of mindburst (3)
Scrolls
 j - 7 scrolls of fog
 p - 2 scrolls of immolation
 r - a scroll of fear
 v - 3 scrolls of teleportation
 y - a scroll of poison
 J - 2 scrolls of identify
Potions
 e - a potion of magic
 h - 5 potions of heal wounds
 i - a potion of haste
 s - 3 potions of curing
 u - a potion of might
 w - 2 potions of berserk rage
 K - a potion of lignification


   Skills:
 + Level 6.4 Fighting
 + Level 8.1 Short Blades
 + Level 9.1 Dodging
 + Level 9.9 Spellcasting
 - Level 7.0 Conjurations
 - Level 7.0 Hexes
 - Level 2.0 Translocations
 * Level 6.9 Transmutations
 - Level 5.0 Fire Magic
 - Level 3.0 Ice Magic
 + Level 7.4 Invocations


You had 6 spell levels left.
You knew the following spells:

 Your Spells              Type           Power      Damage    Failure   Level
a - Kiss of Death         Conj/Necr      88%        2d12      1%          1
b - Momentum Strike       Conj/Tloc      52%        3d9       1%          2
c - Hailstorm             Conj/Ice       28%        3d8       3%          3
d - Searing Ray           Conj           72%        2d7       1%          2
e - Fulminant Prism       Conj/Hex       18%        3d10      4%          4
f - Magic Dart            Conj           100%       1d8       1%          1
g - Ensorcelled Hibernat  Hex/Ice        56%        N/A       1%          2
h - Passwall              Tmut/Erth      18%        N/A       2%          2
i - Swiftness             Air            9%         N/A       22%         3
j - Sticky Flame          Conj/Fire      32%        2d5       6%          4

Your spell library contained the following spells:

 Spells                   Type           Power      Damage    Failure   Level
 Inner Flame              Hex/Fire       32%        N/A       1%          3
 Cause Fear               Hex            18%        N/A       4%          4
 Flame Wave               Conj/Fire      32%        2d9       6%          4
 Necrotise                Necr           36%        1d5       8%          1
 Sublimation of Blood     Necr           9%         N/A       12%         2
 Irradiate                Conj/Tmut      17%        3d17      12%         5
 Petrify                  Tmut/Erth      22%        N/A       19%         4
 Fireball                 Conj/Fire      16%        3d8       19%         5
 Vampiric Draining        Necr           9%         2d6       22%         3
 Agony                    Necr           9%         N/A       91%         5
 Dragon's Call            Summ           4%         N/A       100%        9


Dungeon Overview and Level Annotations

Branches:
Dungeon (11/15)            Temple (0/1) D:6            Lair (0/5) D:8
    Orc (1/2) D:10         Bailey (visited)

Altars:
Cheibriados
Fedhas
Nemelex Xobeh
Okawaru
Qazlal
Sif Muna
Zin
The Shining One

Shops:
D:9 [


Innate Abilities, Weirdness & Mutations

Armour fits poorly on your strangely shaped body.
You are frail. (-10% HP)
Your muscles are strong. (Str +4, Int/Dex -1)


Message History

You impale the enormous slime creature!!
The enormous slime creature is severely wounded.
You barely miss the enormous slime creature.
The enormous slime creature is severely wounded.
You hit the enormous slime creature.
The enormous slime creature is severely wounded.
Casting: Ensorcelled Hibernation (safe; 1% risk of failure)
Confirm with . or Enter, or press ? or * to list all spells.
Aiming: Sticky Flame (dangerous; 6% risk of failure)
Press: ? - help, Shift-Dir - straight line, f/p - enormous slime creature
Aim: an enormous slime creature (severely wounded)
The sticky flame hits the enormous slime creature!
The enormous slime creature is severely wounded.
The enormous slime creature is covered in liquid flames!
The enormous slime creature burns!
The enormous slime creature hits you!!
Casting: Sticky Flame (dangerous; 6% risk of failure)
Confirm with . or Enter, or press ? or * to list all spells.
Aiming: Momentum Strike (safe; 1% risk of failure)
Press: ? - help, Dir - move target, f/p - enormous slime creature
Aim: an enormous slime creature (almost dead, covered in liquid flames, 96% to hit)
The concentrated momentum hits the enormous slime creature!
The enormous slime creature is almost dead.
You are unable to move.
The enormous slime creature burns!
The enormous slime creature hits you!!
Ouch! That really hurt!
* * * LOW HITPOINT WARNING * * *
Casting: Momentum Strike (safe; 1% risk of failure)
Confirm with . or Enter, or press ? or * to list all spells.
Aiming: Kiss of Death (safe; 1% risk of failure)
Press: ? - help, Shift-Dir - straight line, f/p - enormous slime creature
Aim: an enormous slime creature (almost dead, covered in liquid flames, 100% to hit)
The negative energy hits the enormous slime creature!
The enormous slime creature is drained!
The enormous slime creature is almost dead.
You feel drained.
The enormous slime creature burns!
The enormous slime creature stops burning.
The enormous slime creature hits you!!
Ouch! That really hurt!
You die...
Fedhas appreciates your contribution to the ecosystem.

..#######.#.#.##########..
.>$.......)...............
..........#.#.##########..
...$......................
.........##.#.##########..
.........##.#.# #..
.........+..#.# #..
........J####.#### ###
#########@.......#
#.###....# #.# ..# #
###########.# # ##
####...........# #.
#..............# #.
#..............# ##
#..............## #
#.................. ..


You could see an enormous slime creature (drained).

Vanquished Creatures
  An orc warlord (D:9)
  A boulder beetle (D:11)
  A two-headed ogre (D:10)
  An orc knight (Bailey)
  Pikel (D:4)
  An orc sorcerer (Orc:1)
  Maggie (D:8)
  2 gargoyles
  Jeremiah (D:7)
  An unseen horror (D:11)
  2 kobold demonologists
  2 komodo dragons (D:10)
  5 trolls
  A hornet (D:10)
  Sigmund (D:3)
  12 yaks
  A wyvern (D:11)
  A wraith (D:10)
  6 humans
  2 steam dragons
  5 wargs
  3 vampire mosquitoes
  An acid dragon (D:10)
  A water moccasin (D:7)
  Duvessa (D:5)
  A black bear (D:7)
  8 orc warriors
  3 sky beasts
  6 ogres
  2 wolves (D:8)
  6 centaurs
  2 lemures (D:4)
  16 kobold brigands
  A bullfrog (D:7)
  Dowan (D:5)
  3 howler monkeys
  A hound (D:4)
  2 quasits (D:5)
  Crazy Yiuf (D:5)
  2 jellies
  A gnoll bouda (D:5)
  7 orc priests
  5 iguanas
  9 orc wizards
  5 adders
  12 gnolls
  3 shadow imps (D:5)
  3 white imps
  3 ufetubi
  2 worms (D:4)
  3 dart slugs
  37 orcs
  5 bats
  5 endoplasms
  7 giant cockroaches
  10 goblins
  7 hobgoblins
  5 ball pythons
  2 frilled lizards (D:2)
  31 kobolds
  6 rats
278 creatures vanquished.

Vanquished Creatures (collateral kills)
  2 ogres (Orc:1)
  An orc wizard (Orc:1)
  An orc (Orc:1)
4 creatures vanquished.

Vanquished Creatures (others)
  A sleepcap (D:7)
  A shadow imp (D:6)
  An orc (D:7)
  A kobold (D:7)
  99 fulminant prisms
103 creatures vanquished.

Grand Total: 385 creatures vanquished

Notes
Turn   | Place    | Note
-------+----------+-------------------------------------------
     0 | D:1      | porkupine the Deep Elf Reaver began the quest for the Orb.
     0 | D:1      | Reached XP level 1. HP: 12/12 MP: 6/6
   173 | D:1      | Reached XP level 2. HP: 17/17 MP: 8/8
   176 | D:1      | Learned a level 2 spell: Momentum Strike
   580 | D:1      | Reached skill level 1 in Translocations
   580 | D:1      | Reached XP level 3. HP: 21/21 MP: 9/9
   584 | D:1      | Learned a level 3 spell: Hailstorm
  1137 | D:2      | Learned a level 2 spell: Searing Ray
  1316 | D:2      | Reached skill level 1 in Ice Magic
  1590 | D:3      | Upgraded the game from 0.31-a0-846-gb3bcc0d to
                  | 0.31-a0-848-gaac375c
  1593 | D:3      | Reached XP level 4. HP: 26/26 MP: 11/11
  1792 | D:3      | Found a faded altar of an unknown god.
  1807 | D:3      | Prayed at the altar of an unknown god.
  1807 | D:3      | Became a worshipper of Fedhas Madash
  1807 | D:3      | Reached * piety under Fedhas
  2193 | D:3      | Noticed Sigmund
  2203 | D:3      | Killed Sigmund
  2204 | D:3      | Reached skill level 1 in Invocations
  2204 | D:3      | Reached XP level 5. HP: 21/31 MP: 0/13
  2204 | D:3      | Reached XP level 6. HP: 25/36 MP: 0/14
  2204 | D:3      | Found a sparkling altar of Nemelex Xobeh.
  2548 | D:4      | Upgraded the game from 0.31-a0-848-gaac375c to
                  | 0.31-a0-851-g7ff8af7
  2548 | D:4      | Upgraded the game from 0.31-a0-851-g7ff8af7 to
                  | 0.31-a0-977-gc230f8e
  3014 | D:4      | Found a shimmering blue altar of Sif Muna.
  3067 | D:4      | Reached XP level 7. HP: 40/40 MP: 5/15
  3248 | D:5      | Entered Level 5 of the Dungeon
  3248 | D:5      | Noticed Pikel
  3249 | D:5      | Noticed Dowan
  3514 | D:4      | Killed Pikel
  3515 | D:4      | Reached skill level 5 in Spellcasting
  3515 | D:4      | Reached skill level 5 in Conjurations
  3627 | D:5      | Reached XP level 8. HP: 30/46 MP: 5/18
  3682 | D:5      | Noticed Duvessa
  3691 | D:5      | Killed Duvessa
  3692 | D:5      | Reached skill level 5 in Dodging
  3917 | D:5      | Reached ** piety under Fedhas
  4290 | D:5      | Reached skill level 5 in Short Blades
  4382 | D:5      | Found a runed translucent door.
  4383 | D:5      | Noticed Crazy Yiuf
  4392 | D:5      | Killed Crazy Yiuf
  4396 | D:5      | Identified the +2 hammer "Buicof" {freeze, rElec Dex+3}
  4529 | D:5      | Killed Dowan
  4858 | D:4      | Upgraded the game from 0.31-a0-977-gc230f8e to
                  | 0.31-a0-978-g1e14348
  5111 | D:5      | Learned a level 4 spell: Fulminant Prism
  5143 | D:5      | Reached skill level 1 in Hexes
  6056 | D:6      | Found a staircase to the Ecumenical Temple.
  6075 | D:6      | Reached XP level 9. HP: 45/45 MP: 15/20
  6302 | D:6      | Reached *** piety under Fedhas
  6569 | D:6      | Found Zin's Purification Station.
  6569 | D:6      | Found a glowing silver altar of Zin.
  6577 | D:6      | Bought a potion of curing for 90 gold pieces
  6951 | D:6      | Upgraded the game from 0.31-a0-978-g1e14348 to
                  | 0.31-a0-981-geadf994
  6951 | D:6      | Upgraded the game from 0.31-a0-981-geadf994 to
                  | 0.31-a0-982-g1816016
  6951 | D:6      | Upgraded the game from 0.31-a0-982-g1816016 to
                  | 0.31-a0-1281-ge6b8506
  6977 | D:7      | Found a flagged portal.
  7109 | D:7      | Identified the +4 quarterstaff of Ancient Evil {venom,
                  | *Slow rElec Stlth+}
  7117 | Bailey   | Entered a bailey
  7120 | Bailey   | Learned a level 1 spell: Magic Dart
  7123 | Bailey   | Learned a level 2 spell: Ensorcelled Hibernation
  7126 | Bailey   | Learned a level 2 spell: Passwall
  7130 | Bailey   | Learned a level 3 spell: Swiftness
  7170 | Bailey   | Gained mutation: Your muscles are strong. (Str +4, Int/Dex
                  | -1) [potion of mutation]
  7170 | Bailey   | Gained mutation: Armour fits poorly on your strangely
                  | shaped body. [potion of mutation]
  7170 | Bailey   | Gained mutation: You are frail. (-10% HP) [potion of
                  | mutation]
  7446 | Bailey   | Noticed an orc knight
  7481 | Bailey   | Killed an orc knight
  7482 | Bailey   | Reached skill level 5 in Hexes
  7482 | Bailey   | Reached skill level 5 in Invocations
  7633 | Bailey   | Found an iron altar of Okawaru.
  7733 | D:7      | Found a stormy altar of Qazlal.
  8135 | D:7      | Reached **** piety under Fedhas
  8136 | D:7      | Reached XP level 10. HP: 40/52 MP: 11/23
  8467 | D:7      | Noticed Jeremiah
  8485 | D:7      | Killed Jeremiah
  8591 | D:7      | Reached skill level 5 in Fighting
  8745 | D:7      | Learned a level 4 spell: Sticky Flame
  9232 | D:7      | Upgraded the game from 0.31-a0-1281-ge6b8506 to
                  | 0.31-a0-1298-g0c08482
  9447 | D:8      | Reached skill level 1 in Transmutations
  9447 | D:8      | Reached skill level 1 in Fire Magic
 10827 | D:8      | Noticed Maggie
 10842 | D:8      | Killed Maggie
 10843 | D:8      | Reached XP level 11. HP: 23/57 MP: 0/25
 11161 | D:8      | Found an iron altar of Okawaru.
 11161 | D:8      | Found a snail-covered altar of Cheibriados.
 11165 | D:8      | Found a staircase to the Lair.
 11205 | D:8      | You fall into a shaft and drop 2 floors!
 11205 | D:10     | Entered Level 10 of the Dungeon
 11965 | D:9      | Reached ***** piety under Fedhas
 12056 | D:9      | Found Migucw's Antique Armour Emporium.
 12079 | D:9      | Bought the +3 robe of Clouds {*Thunder rCloud rElec} for
                  | 861 gold pieces
 12079 | D:9      | Found the +3 robe of Clouds {*Thunder rCloud rElec}
 12169 | D:9      | Identified the +1 spear "Demonbane" {flame, *Corrode rC+
                  | Int+2}
 12638 | D:10     | Found a staircase to the Orcish Mines.
 13109 | D:10     | Found a glowing golden altar of the Shining One.
 13640 | D:10     | Reached skill level 5 in Transmutations
 13640 | D:10     | Reached skill level 5 in Fire Magic
 14127 | Orc:1    | Entered Level 1 of the Orcish Mines
 14127 | Orc:1    | Noticed an orc sorcerer
 14128 | Orc:1    | Noticed an orc warlord
 14132 | Orc:1    | Noticed a sun demon
 14682 | D:11     | Noticed a two-headed ogre
 14691 | D:11     | HP: 2/57 [two-headed ogre/+0 giant spiked club (33)]
 14693 | D:10     | Killed a two-headed ogre
 15240 | D:11     | Noticed a boulder beetle
 15251 | D:11     | Killed a boulder beetle
 15707 | Orc:1    | Killed an orc sorcerer
 15708 | Orc:1    | Reached XP level 12. HP: 63/63 MP: 27/27
 15984 | D:9      | Killed an orc warlord
 16283 | D:11     | Upgraded the game from 0.31-a0-1298-g0c08482 to
                  | 0.31-a0-1301-g7e11add
 16296 | D:11     | HP: 3/63 [enormous slime creature (33)]
 16297 | D:11     | Annihilated by an enormous slime creature

Illustrated notes

Levels and vault maps discovered:
D:1:      heliophobic_arrival_battle_scene, layout_loops_ring,
          serial_park_tiny_1
D:2:      layout_rooms, grunt_ministairs_3
D:3:      layout_basic, overflow_temple_1_default,
          hellmonk_ecumenical_altar_arch_garden, uniq_sigmund
D:4:      layout_rooms, led_sif_book
D:5:      layout_loops_ring, serial_demonic, serial_demonic_d, serial_demonic_e,
          serial_demonic_f, serial_demonic_d, minmay_gold_behind_fungi,
          uniq_duvessa, uniq_crazy_yiuf_cottage, uniq_pikel
D:6:      layout_layer_cave, zin_purify, minmay_temple_entry_stoned_glass,
          nicolae_ossuary_entry_plus
D:7:      layout_basic, grunt_qazlal_clouds, enter_bailey_5,
          small_statue_intersection, minmay_ruffians, uniq_jeremiah
D:8:      layout_loops_corners, nicolae_overflow_two_pavilions,
          erik_lair_orcish_takeover, special_room [special_room_kobold],
          uniq_maggie
D:9:      layout_loops_ring, serial_shops, nicolae_shop_hallway_plus
D:10:     layout_rooms, marbit_many_paths, minmay_orc_entry_temple_small,
          kennysheep_generic_room_13
D:11:     minmay_bubble_buster, layout_basic
Orc:1:    layout_caves

Skill      XL: |  1  2  3  4  5  6  7  8  9 10 11 |
---------------+----------------------------------+-----
Translocations | 1 2 |  2.0
Fighting       | 2 3 4 5 6 |  6.4
Dodging        | 3 4 5 7 9 |  9.1
Ice Magic      | 1 2 3 |  3.0
Spellcasting   | 4 5 6 7 8 9 |  9.9
Conjurations   | 4 5 6 7 |  7.0
Invocations    | 1 3 4 5 6 7 |  7.4
Short Blades   | 4 5 6 7 8 |  8.1
Hexes          | 2 6 7 |  7.0
Transmutations | 3 6 |  6.9
Fire Magic     | 3 5 |  5.0

Action                     |  1- 3 |  4- 6 |  7- 9 | 10-12 || total
---------------------------+-------+-------+-------+-------++-------
  Melee: Short sword       |   133 |    21 |       |       ||   154
         Punch             |     1 |       |       |       ||     1
         Dagger            |       |    47 |    62 |   163 ||   272
  Throw: Dart              |       |       |     1 |       ||     1
   Cast: Momentum Strike   |     2 |     2 |     1 |     3 ||     8
         Kiss of Death     |     1 |       |     4 |     2 ||     7
         Searing Ray       |     3 |    18 |    74 |    40 ||   135
         Fulminant Prism   |       |       |    20 |    79 ||    99
         Magic Dart        |       |       |    10 |    14 ||    24
         Ensorcelled Hiber |       |       |     3 |    27 ||    30
         Sticky Flame      |       |       |       |    31 ||    31
         Hailstorm         |       |       |       |     9 ||     9
         Swiftness         |       |       |       |     1 ||     1
 Invoke: Grow Oklob        |       |       |       |     1 ||     1
  Evoke: Wand              |       |       |       |     3 ||     3
    Use: Scroll            |     8 |       |     6 |    14 ||    28
         Potion            |       |       |     4 |     2 ||     6
   Stab: Sleeping          |       |     2 |     3 |     8 ||    13
 Armour: Leather armour    |    62 |    40 |    29 |       ||   131
         Robe              |       |       |    63 |   160 ||   223
  Dodge: Dodged            |    74 |    53 |   101 |   206 ||   434

Table legend: (Time is in decaauts)
 A = Elapsed time spent in this place.
 B = Non-inter-level travel time spent in this place.
 C = Inter-level travel time spent in this place.
 D = Time resting spent in this place.
 E = Time spent auto-exploring this place.
 F = Levels seen in this place.
 G = Mean time per level.
                   A        B        C        D        E       F      G
               +--------+--------+--------+--------+--------+-----+--------+
         Total |  16270 |  15688 |    582 |   1512 |  11595 |  13 | 1251.5 |
       Dungeon |  15668 |  15086 |    582 |   1230 |  11489 |  11 | 1424.4 |
  Orcish Mines |     50 |     50 |      0 |      2 |      8 |   1 |   50.0 |
        Bailey |    551 |    551 |      0 |    280 |     97 |   1 |  551.0 |
               +--------+--------+--------+--------+--------+-----+--------+

Top non-repeatable levels by time:
    D:10: 2259 daAuts
     D:8: 2132 daAuts
     D:9: 1981 daAuts
     D:6: 1762 daAuts
     D:5: 1617 daAuts
     D:7: 1598 daAuts
     D:4: 1342 daAuts
     D:1: 1013 daAuts
     D:3: 724 daAuts
    D:11: 619 daAuts
     D:2: 617 daAuts
  Bailey: 551 daAuts
   Orc:1: 50 daAuts
